AoeStats
← quiquito45

Arena

508574238Analyzed
2v2 RM · 10d ago on Sep 23, 2026· 38m 32s· 4 players
Game mode
Random Map
Map size
Medium (4 player)
Population
200
Speed
Normal
Resources
Standard
Victory
Conquest
Starting age
Dark Age
Ending age
Imperial Age
RankedLock teamsTeams togetherTeam positionsShared explorationLock speedFull tech treeHidden civsTurbo modeCheats
Victory
Defeat
🇦🇷 Franks · Argentina
1179
+8
🇦🇷 Khmer · Argentina
917
+17
🇲🇽 Saxons · Mexico
1032
-15
🇨🇦 Cumans · Canada
913
-10
quiquito45
5:34 Loom
11:10 Feudal Age
12:05 Man-at-Arms
13:27 Double-Bit Axe
15:43 Forging
15:34 Scale Mail Armor
17:25 Horse Collar
21:54 Castle Age
20:36 Stone Mining
21:11 Gold Mining
24:27 Bow Saw
25:57 Gambesons
26:23 Squires
31:10 Chain Mail Armor
33:30 Town Watch
T270491
11:25 Feudal Age
17:17 Loom
22:49 Castle Age
22:03 Wheelbarrow
23:17 Fletching
23:28 Padded Archer Armor
23:48 Double-Bit Axe
25:14 Bow Saw
26:07 Leather Archer Armor
27:57 Bodkin Arrow
28:48 Hand Cart
30:28 Horse Collar
30:41 Gold Mining
34:51 Imperial Age
31:46 Elite Skirmisher
37:01 Chemistry
36:22 Ballistics
[Vsh]-Shaka_Arg
4:59 Loom
12:16 Feudal Age
16:36 Castle Age
14:43 Double-Bit Axe
30:46 Imperial Age
30:02 Wheelbarrow
29:49 Ballistics
29:34 Scale Mail Armor
29:44 Forging
30:30 Gold Mining
32:08 Chain Mail Armor
32:15 Conscription
34:15 Elite Throwing Axeman
37:33 Plate Mail Armor
37:38 Iron Casting
37:41 Ordonnance Companies
[Vsh]-Choco
10:52 Feudal Age
16:59 Castle Age
15:20 Double-Bit Axe
24:38 Wheelbarrow
27:55 Hand Cart
36:30 Imperial Age
34:54 Gold Mining
36:44 Heavy Scorpion
Connection lost

Rejoining the realm…

Still unreachable

The connection could not be restored.

Session expired

The server has moved on; the page needs a fresh start.